 Dungeon Crawl Stone Soup version 0.22-a0-460-g49b1da7e92 (webtiles) character file.

77 Kaglan the Shield-Bearer (level 4, -1/29 HPs)
             Began as a Gargoyle Fighter on June 9, 2018.
             Killed by nerve-wracking pain
             ... invoked by an orc priest
              (3 damage)
             ... on level 2 of the Dungeon.
             The game lasted 00:07:33 (1416 turns).

Kaglan the Shield-Bearer (Gargoyle Fighter)         Turns: 1416, Time: 00:07:33

Health: -1/29      AC: 10    Str: 20    XL:     4   Next: 33%
Magic:  4/4        EV:  7    Int:  9    God:
Gold:   99         SH:  9    Dex:  9    Spells: 3/3 levels left

rFire    . . .     SeeInvis .   m - +4 dagger
rCold    . . .     Gourm    .   c - +0 shield
rNeg     + . .     Faith    .   b - +0 scale mail
rPois    ∞         Spirit   .   (no helmet)
rElec    +         Reflect  .   (no cloak)
rCorr    .         Harm     .   (no gloves)
MR       .....                  (no boots)
Stlth    ..........             (no amulet)
HPRegen  0.09/turn              (no ring)
MPRegen  0.09/turn              (no ring)

@: no status effects
A: negative energy resistance 1, electricity resistance, unbreathing,
petrification resistance, rot immunity, AC +3
a: no special abilities


You were on level 2 of the Dungeon.
You were not hungry.

You visited 1 branch of the dungeon, and saw 2 of its levels.

You collected 99 gold pieces.

Inventory:

Hand Weapons
 a - a +0 long sword
 i - a +1 hand axe of freezing
 m - a +4 dagger (weapon)
Missiles
 e - 55 stones (quivered)
 h - 28 poisoned needles
 l - 45 bolts
 n - 9 arrows
Armour
 b - a +0 scale mail (worn)
 c - a +0 shield (worn)
 u - a +0 ring mail of cold resistance
Jewellery
 o - an uncursed amulet of harm {unknown}
Scrolls
 j - 2 scrolls of identify {unknown}
 k - 3 scrolls of amnesia {unknown}
 p - a scroll of enchant weapon {unknown}
 q - a scroll of blinking {unknown}
 t - 2 scrolls of teleportation {unknown}
Potions
 d - a potion of might
 g - a potion of curing {unknown}
 s - a potion of haste {unknown}
Comestibles
 f - 6 rations


   Skills:
 + Level 3.7 Fighting
 * Level 1.3(1.9) Short Blades
 - Level 2.0(2.2) Long Blades
 - Level 0.2 Axes
 + Level 3.7 Armour
 - Level 0.4 Dodging
 + Level 4.1 Shields


You had 3 spell levels left.
You didn't know any spells.
Your spell library was empty.

Dungeon Overview and Level Annotations

Branches:
Dungeon (2/15)

Altars:


Innate Abilities, Weirdness & Mutations

You are resistant to torment.
Your stone body is resilient. (AC +3)
You are immune to poison.
You resist negative energy. (rN+)
You are resistant to electric shocks. (rElec)
You can survive without breathing.
You are immune to petrification.
You are immune to rotting.


Message History

You hit the orc.
The orc is almost dead.
The orc hits you but does no damage. The orc hits you with a trident.
The orc hits you but does no damage.
You hit the orc.
The orc is almost dead.
You block the orc's attack. The orc hits you but does no damage.
The orc barely misses you. The orc hits you with a short sword.
You hit the orc.
You kill the orc!
You block the orc's attack. The orc hits you with a trident.
The orc priest mumbles some strange prayers to Beogh against you.
Beogh smites you!
* * * LOW HITPOINT WARNING * * *
You block the orc's attack.
You hit the orc priest but do no damage.
You block the orc's attack.
The orc priest invokes the aid of Beogh against you.
Pain shoots through your body!
You die...

....#####.#...................##.
....# #...#########..........##
....# #..###.................##
.[..# #..##..................##
....# #..#$.........>..........
....# #..#⌠............#...####
....# ##.#$..........#######
....# #.##..ooo....# ....#
#.###.o@o(((.# #####
#..#########.# ##...........#
#############


You could see an orc priest and 4 orcs.

Vanquished Creatures
  2 adders (D:2)
  2 worms (D:2)
  A leopard gecko (D:1)
  An orc (D:2)
  A ball python (D:2)
  2 giant cockroaches
  7 goblins
  6 hobgoblins
  3 jackals (D:2)
  2 quokkas (D:2)
  7 bats
  4 frilled lizards
  6 kobolds
  5 rats
49 creatures vanquished.

Notes
Turn   | Place    | Note
-------+----------+-------------------------------------------
     0 | D:1      | Kaglan the Gargoyle Fighter began the quest for the Orb.
     0 | D:1      | Reached XP level 1. HP: 14/14 MP: 1/1
   124 | D:1      | Reached XP level 2. HP: 16/19 MP: 2/2
   535 | D:1      | Reached XP level 3. HP: 21/23 MP: 3/3
  1018 | D:2      | Reached skill level 1 in Short Blades
  1111 | D:2      | Reached skill level 4 in Shields
  1115 | D:2      | Reached XP level 4. HP: 21/28 MP: 4/4
  1416 | D:2      | Killed from afar by an orc priest

Vault maps used:
D:1:      elethiomel_arrival_infinity_welcomes_careful_drivers,
          minmay_misc_feat_x
D:2:      cheibrodos_pilgrimage

Skill      XL: |  1  2  3 |
---------------+----------+-----
Long Blades    | 2 |  2.0
Short Blades   | 1 |  1.3
Shields        | 4 |  4.1
Fighting       | |  3.7
Axes           | |  0.2
Armour         | |  3.7
Dodging        | |  0.4

Action                   |  1- 3 |  4- 6 || total
-------------------------+-------+-------++-------
Melee: Long sword        |    44 |       ||    44
       Hand axe          |    29 |       ||    29
       Dagger            |    65 |    30 ||    95
  Eat: Chunk             |       |     2 ||     2
Armor: Scale mail        |    76 |     9 ||    85
Dodge: Dodged            |    39 |     9 ||    48
Block: Shield            |    82 |    22 ||   104
       Rpst.: Long sword |     5 |       ||     5

Table legend:
 A = Spawn XP
 B = Non-spawn XP
 C = Spawn XP percentage of total XP
 D = Spawn monster count
 E = Non-spawn monster count
 F = Spawn count percentage of total count
 G = Total turns spent on level
                    A         B        C        D         E        F      G
               +---------+---------+-------+---------+---------+-------+---------
         Total |       0 |     110 |   0.0 |       0 |      49 |   0.0 |  1416
               +---------+---------+-------+---------+---------+-------+---------
           D:1 |       0 |      37 |   0.0 |       0 |      23 |   0.0 |   961
           D:2 |       0 |      73 |   0.0 |       0 |      26 |   0.0 |   455
               +---------+---------+-------+---------+---------+-------+---------
